[Event "Late-Titled-Tuesday-Blitz-February-20-2024"]
[Site "Chess.com"]
[Date "2024.02.20"]
[Round "3"]
[White "MathiasWomacka"]
[Black "Sicupira"]
[Result "0-1"]
[WhiteElo "2503"]
[BlackElo "2296"]
[TimeControl "180+1"]
[EndTime "14:27:19 PST"]
[Termination "Sicupira won on time"]

1. e4 c5 2. Nf3 e6 3. d4 cxd4 4.
Nxd4 Nc6 5. Nc3 Qc7 6. Be2 a6 7. O-O Nf6 8. Be3 Bb4 9. Na4 Be7 10. Nxc6 bxc6 11. Nb6 Rb8 12. Nxc8 Qxc8 13. Bd4 c5 14. Be5 Rb6 15. b3 O-O 16. Qd3 d5 17. exd5 exd5 18.
Rad1 Rd8 19. Qg3 c4 20. bxc4 dxc4 21. Rxd8+ Bxd8 22. Rd1 Be7 23. h3 h6 24. Bf3 Qf5 25.
Bd4 Re6 26. c3 Bd6 27. Qh4 g5 28. Qxh6 Bf8 29. Bg4 Qxg4 30. Qxf8+ Kxf8 31. hxg4 Nxg4 32. Rb1 Re2 33. f3 Ne3 34. Bf6 Ke8 35. Rb7 Rxg2+ 36. Kh1 Rxa2 37. Re7+ Kf8 38. Rxe3 a5 39. Re4 Ra1+ 0-1

[Event "Late-Titled-Tuesday-Blitz-February-20-2024"]
[Site "Chess.com"]
[Date "2024.02.20"]
[Round "3"]
[White "jcmesafischer"]
[Black "shirovin"]
[Result "1-0"]
[WhiteElo "2375"]
[BlackElo "2088"]
[TimeControl "180+1"]
[EndTime "14:27:21 PST"]
[Termination "jcmesafischer won by checkmate"]

1. e4 c5 2. Nf3 d6 3. d4 cxd4 4. Nxd4 Nf6 5. Nc3 a6 6. Bg5 e6 7.
f4 Be7 8. Qf3 Qc7 9. O-O-O h6 10. Bh4 Nbd7 11. g4 g5 12. e5 gxh4 13. exf6 Bxf6 14.
Bh3 Nb6 15. Rhg1 Nc4 16. g5 Qb6 17. Nb3 Bg7 18. g6 f5 19. Rge1 O-O 20. Qd3 d5 21. Bg2 a5 22. Bxd5 Nxb2 23. Bxe6+ Bxe6 24. Kxb2 Rad8 25. Qe3 Qxe3 26. Rxe3 Bxb3 27. Rxd8 Rxd8 28. Kxb3 Rc8 29. Nd5 Rd8 30. c4 b5 31. a4 bxc4+ 32. Kxc4 Bf8 33. Re6 Rc8+ 34. Kd4 Bc5+ 35. Kd3 Bb4 36.
Rb6 Rd8 37. Kc4 Rc8+ 38. Kb3 Rd8 39. Rb5 Be1 40. Kc4 Rc8+ 41. Kd3 Re8 42. Rb7 Bf2 43.
Nf6+ Kf8 44. Rf7# 1-0

[Event "Late-Titled-Tuesday-Blitz-February-20-2024"]
[Site "Chess.com"]
[Date "2024.02.20"]
[Round "3"]
[White "mishanick"]
[Black "AlexTruskavetsky"]
[Result "1-0"]
[WhiteElo "3012"]
[BlackElo "2712"]
[TimeControl "180+1"]
[EndTime "14:27:23 PST"]
[Termination "mishanick won by resignation"]

1. d4 Nf6 2. c4 e6 3. Nc3 d5 4. Bg5 c6 5. e3 h6 6. Bh4 Be7 7.
Bd3 O-O 8. Nf3 Nbd7 9. O-O b6 10. a4 a5 11. cxd5 exd5 12. Rc1 Bb7 13. Bb1 c5 14. Ne5 cxd4 15. exd4 Rc8 16. Bf5 Rc7 17. Bg3 Nxe5 18. dxe5 Ne4 19. Nxe4 dxe4 20. Qxd8 Bxd8 21. Rxc7 Bxc7 22.
Rc1 Bb8 23. e6 Bxg3 24. hxg3 fxe6 25. Bxe6+ Kh7 26. Rc7 Ba8 27. b3 Kg6 28. Rd7 Rf6 29.
Re7 Rf8 30. Bc4 Rf6 31. g4 Rd6 32. Kh2 Bc6 33. Kg3 Kf6 34. Rf7+ Kg6 35. Rf5 Rf6 36. Re5 Rd6 37. Kf4 Kf6 38. Rf5+ Kg6 39. g5 hxg5+ 40. Rxg5+ Kh6 41. Re5 Rf6+ 42. Ke3 Rg6 43.
Bf7 Rg5 44. Re6+ Kh7 45. Rxc6 Rxg2 46. Bd5 Rg1 47. Bxe4+ g6 48. Rxg6 Rxg6 49. Bxg6+ Kxg6 50. Kd4 Kf6 51. Kc4 1-0

[Event "Late-Titled-Tuesday-Blitz-February-20-2024"]
[Site "Chess.com"]
[Date "2024.02.20"]
[Round "3"]
[White "TenisMaster"]
[Black "djano"]
[Result "1-0"]
[WhiteElo "2943"]
[BlackElo "2665"]
[TimeControl "180+1"]
[EndTime "14:27:24 PST"]
[Termination "TenisMaster won by checkmate"]

1. e4 c5 2. Nf3 Nc6 3. Bb5 e5 4. O-O Nge7 5. c3 g6 6. a3 Bg7 7.
b4 d6 8. Bb2 O-O 9. h3 a5 10.
bxc5 dxc5 11. a4 Kh8 12. Na3 h6 13. d3 f5 14. Nc4 g5 15. exf5 Bxf5 16. Ne3 Bg6 17. Re1 Qc7 18. Nd2 Rad8 19. Qe2 Bh7 20. Ne4 Ng6 21. g3 b6 22. Bc4 Nge7 23. Qg4 Bg6 24.
Rab1 Kh7 25. Ba3 Kh8 26. h4 gxh4 27. Qxh4 Nf5 28. Nxf5 Rxf5 29. Bc1 Rdf8 30. Be3 Kh7 31. Kg2 Ne7 32. Rh1 Rh5 33. Qg4 Rxh1 34. Rxh1 Nf5 35. Bc1 Qc6 36. Kg1 Kh8 37. Ng5 Nd6 38. Ne6 Rxf2 39. Kxf2 Qxh1 40. Qxg6 Qh2+ 41. Ke1 Qg1+ 42. Ke2 Qg2+ 43. Kd1 Qf1+ 44. Kc2 Qf2+ 45. Bd2 Nf5 46. Nxg7 Ne3+ 47. Kc1 Qf1+ 48. Kb2 Qf2 49. Qxh6# 1-0

[Event "Late-Titled-Tuesday-Blitz-February-20-2024"]
[Site "Chess.com"]
[Date "2024.02.20"]
[Round "3"]
[White "Polstastisch"]
[Black "abeljusto"]
[Result "1-0"]
[WhiteElo "2366"]
[BlackElo "2084"]
[TimeControl "180+1"]
[EndTime "14:27:24 PST"]
[Termination "Polstastisch won on time"]

1. e4 c5 2. Nc3 Nc6 3. Nge2 Nf6 4.
g3 g6 5. Bg2 Bg7 6. O-O O-O 7.
d4 cxd4 8. Nxd4 Nxd4 9. Qxd4 d6 10. Bg5 h6 11. Bd2 Be6 12. Qb4 Qc8 13. Rfe1 Nd7 14. Nd5 Re8 15. c4 Ne5 16. Red1 Nd3 17. Qb3 Nxb2 18. Rdc1 Bd7 19. a4 e6 20. Ne3 Nxa4 21.
Rxa4 Bxa4 22. Qxa4 Qc6 23. Qb3 Rac8 24. e5 d5 25. cxd5 Qxc1+ 26. Bxc1 Rxc1+ 27. Bf1 exd5 28. f4 d4 29. Nd5 Rd8 30. Qxb7 d3 31. Kf2 d2 32.
Ne3 d1=Q 33. Nxd1 Rdxd1 34. Be2 Rd2 35. Ke3 Rcc2 36. Bc4 Rxc4 37. Kxd2 Ra4 38. Qc8+ Kh7 39. Qd7 1-0

[Event "Late-Titled-Tuesday-Blitz-February-20-2024"]
[Site "Chess.com"]
[Date "2024.02.20"]
[Round "3"]
[White "Atousa"]
[Black "SRob2003"]
[Result "0-1"]
[WhiteElo "2460"]
[BlackElo "2681"]
[TimeControl "180+1"]
[EndTime "14:27:25 PST"]
[Termination "SRob2003 won by resignation"]

1. e4 c6 2. d4 d5 3. exd5 cxd5 4. Bd3 Nc6 5. c3 Qc7 6. Ne2 Bg4 7. f3 Bd7 8. Bf4 e5 9. dxe5 Nxe5 10. O-O Bd6 11. Kh1 Nf6 12. Bxe5 Bxe5 13. f4 Bd6 14. Nd2 O-O 15. Nb3 Ng4 16. Qd2 Rae8 17. Nbd4 Re7 18.
h3 Nf6 19. Ng3 g6 20. Nge2 Ne4 21. Qd1 f5 22. Nb5 Bxb5 23. Bxb5 Qc5 24. Ba4 Rd8 25.
Qd4 Qxd4 26. cxd4 Nd2 27. Rfe1 a6 28. Rad1 Nc4 29. Bb3 Rde8 30. Bxc4 dxc4 31. Rd2 Bxf4 32. Rc2 Bg3 33. Nxg3 Rxe1+ 34. Kh2 b5 35. Rd2 R1e3 36. d5 Rd3 37. Rf2 Rxd5 38. Nf1 Re1 39. Nd2 Rde5 40. Nf3 R1e2 41. Nxe5 Rxf2 42. Nc6 Rxb2 43. Ne7+ Kf7 44. Nd5 Rxa2 45. Nc7 c3 0-1

[Event "Late-Titled-Tuesday-Blitz-February-20-2024"]
[Site "Chess.com"]
[Date "2024.02.20"]
[Round "3"]
[White "xakevicius91"]
[Black "Kopytkin"]
[Result "0-1"]
[WhiteElo "2580"]
[BlackElo "2403"]
[TimeControl "180+1"]
[EndTime "14:27:26 PST"]
[Termination "Kopytkin won by resignation"]

1. e4 Nf6 2. e5 Nd5 3. d4 d6 4.
Nf3 g6 5. Bc4 Nb6 6. Bb3 d5 7.
O-O Nc6 8. c3 Bg7 9. h3 f6 10.
exf6 exf6 11. Re1+ Kf7 12. Nbd2 Na5 13. Bc2 Be6 14.
Nf1 Nac4 15. b3 Nd6 16. Bf4 Qd7 17.
Qd2 Rhe8 18. Bh6 Bh8 19. Ng3 Nf5 20. Bxf5 Bxf5 21. Qf4 Rac8 22. a4 Na8 23. a5 c6 24.
c4 Nc7 25. Rad1 Rxe1+ 26. Rxe1 Ne6 27. Qd2 Ng7 28. Qb4 Be6 29. Ne2 Nf5 30. Bc1 Qe7 31. Qc3 Qd6 32. g4 Ne7 33. Nf4 Bd7 34. Kg2 g5 35.
Nd3 Ng6 36. b4 Re8 37. b5 Rxe1 38. Qxe1 dxc4 39. Nc5 cxb5 40. Nxb7 Qd5 41. Nd8+ Kg8 42. Kg3 h5 43. gxh5 Nh4 44. Nxh4 gxh4+ 45. Kxh4 Qxd4+ 46.
Kg3 Qe5+ 47. Qxe5 fxe5 48. h6 b4 49. Kh4 c3 50. Kh5 b3 51. Kg6 Be8+ 52. Kf5 b2 0-1

[Event "Late-Titled-Tuesday-Blitz-February-20-2024"]
[Site "Chess.com"]
[Date "2024.02.20"]
[Round "3"]
[White "Ready4abattle"]
[Black "DeArron_Fox"]
[Result "1-0"]
[WhiteElo "2286"]
[BlackElo "2512"]
[TimeControl "180+1"]
[EndTime "14:27:26 PST"]
[Termination "Ready4abattle won on time"]

1. e4 c5 2. Nf3 e6 3. d4 cxd4 4. Nxd4 a6 5. Nc3 b5 6. a3 Bb7 7. f4 Nc6 8. Be3 Qc7 9. Qd2 Nf6 10. Bd3 Na5 11. e5 Ng4 12. Bg1 Nc4 13. Bxc4 Qxc4 14. h3 Nh6 15. Qe2 Qxe2+ 16. Kxe2 Bxg2 17. Rh2 Bb7 18. Rd1 b4 19. axb4 Bxb4 20. Nb3 Nf5 21. Bc5 Bxc3 22.
bxc3 Rc8 23. Bb4 Bc6 24. c4 Be4 25. Nc5 Bxc2 26. Rd2 Bb1 27. Kf3 Ba2 28. Rxa2 Rb8 29. Nxa6 Rc8 30. c5 O-O 31. Rhd2 Rfd8 32. Ba5 Re8 33.
Rxd7 Ra8 34. Nc7 Ra7 35. Nxe8 Rxd7 36. c6 Re7 37. Nd6 Nd4+ 38. Ke4 Nxc6 39. Bb6 h6 40. Ra8+ Kh7 41. Rc8 Nb4 42. Rc4 Nd5 43. Bd4 Rd7 44.
f5 f6 45. fxe6 Re7 46. Nc8 1-0

[Event "Late-Titled-Tuesday-Blitz-February-20-2024"]
[Site "Chess.com"]
[Date "2024.02.20"]
[Round "3"]
[White "Shtembuliak"]
[Black "krucki03"]
[Result "1-0"]
[WhiteElo "2863"]
[BlackElo "2546"]
[TimeControl "180+1"]
[EndTime "14:27:28 PST"]
[Termination "Shtembuliak won by resignation"]

1. c4 e5 2. Nc3 Nc6 3. e3 g6 4. g3 Bg7 5. Bg2 Nge7 6. Nge2 O-O 7.
b3 d6 8. Bb2 Bf5 9. d3 Qd7 10. h3 Nb4 11. e4 Be6 12. a3 Na6 13. b4 c6 14. g4 f5 15. gxf5 gxf5 16. Ng3 Ng6 17. exf5 Bxf5 18. Nxf5 Qxf5 19. Qc2 Nh4 20. Be4 Nf3+ 21. Bxf3 Qxf3 22. Rg1 Kh8 23. Ne4 Rad8 24.
Rg3 Qf5 25. O-O-O Bh6+ 26. Kb1 Bf4 27. Rg4 h5 28. Rg2 Rg8 29. Rxg8+ Rxg8 30. Nxd6 Qxh3 31. d4 Qe6 32. dxe5 Rg5 33. Qe4 Bxe5 34. Bxe5+ Rxe5 35. Qxe5+ Qxe5 36. Nf7+ Kg7 37. Nxe5 Kf6 38. Nf3 Kf5 39.
Rd7 Kf4 40. Rf7+ Ke4 41. Kc2 Nb8 42. Nd2+ 1-0

[Event "Late-Titled-Tuesday-Blitz-February-20-2024"]
[Site "Chess.com"]
[Date "2024.02.20"]
[Round "3"]
[White "Nouali_Mohamed"]
[Black "Doublekk14"]
[Result "1-0"]
[WhiteElo "2536"]
[BlackElo "2313"]
[TimeControl "180+1"]
[EndTime "14:27:28 PST"]
[Termination "Nouali_Mohamed won on time"]

1. e4 c5 2. Nf3 e6 3. d4 cxd4 4. Nxd4 Nf6 5. Nc3 Nc6 6. Nxc6 bxc6 7. e5 Nd5 8. Ne4 f5 9. exf6 Nxf6 10. Bd3 d5 11.
Nxf6+ Qxf6 12. O-O Bd6 13. Qh5+ Qf7 14. Qh4 h6 15. f4 O-O 16. Be3 Bd7 17. Rf3 Qf6 18.
Qf2 e5 19. fxe5 Qxe5 20. g3 Rxf3 21. Qxf3 Rf8 22. Qe2 Bg4 23. Qxg4 Qxe3+ 24. Kg2 Rf2+ 25. Kh3 Qd2 26. Rh1 Bf8 27. Qe6+ Kh8 28. Qg6 Kg8 29. Qxc6 Qg5 30. Qe6+ Kh8 31. Qg6 Qxg6 32. Bxg6 Bd6 33.
Rd1 Rf6 34. Bh5 Be5 35. c3 Rd6 36. Bf3 d4 37. c4 d3 38. c5 Rd8 39. c6 Bxb2 40.
Bg4 1-0

[Event "Late-Titled-Tuesday-Blitz-February-20-2024"]
[Site "Chess.com"]
[Date "2024.02.20"]
[Round "3"]
[White "YurasovMat-2012"]
[Black "koncheto"]
[Result "1-0"]
[WhiteElo "2612"]
[BlackElo "2413"]
[TimeControl "180+1"]
[EndTime "14:27:30 PST"]
[Termination "YurasovMat-2012 won by checkmate"]

1. e4 d5 2. exd5 Qxd5 3. Nc3 Qa5 4. Nf3 c6 5. d4 Nf6 6. Bd3 Bg4 7. O-O e6 8. Bd2 Qc7 9. h3 Bh5 10. g4 Bg6 11.
Qe2 Bd6 12. Ne5 Nbd7 13. f4 Bxd3 14. Nxd3 O-O 15. g5 Nd5 16. Ne4 c5 17. Qf2 cxd4 18. Qxd4 Rfd8 19. c4 Bxf4 20. cxd5 Bxd2 21. d6 Qa5 22. b4 Qb6 23. Qxb6 Nxb6 24. Ne5 Bxb4 25.
Nxf7 Rf8 26. Ne5 Rad8 27. Rxf8+ Kxf8 28. Rf1+ Kg8 29. g6 hxg6 30. d7 Be7 31. Rf7 Nxd7 32. Rxe7 Nxe5 33. Rxe6 Nf3+ 34. Kf2 Nd2 35. Ng5 Nc4 36.
Re7 b5 37. Rxa7 Ne5 38. Ne6 Rd7 39. Ra8+ Kf7 40. Ng5+ Kf6 41. h4 Kf5 42. Ra5 Kg4 43. Rxb5 Nd3+ 44. Ke3 Kxh4 45. Nf3+ Kg4 46. Rg5+ Kh3 47. Rxg6 Nb4 48. a3 Nd5+ 49. Kf2 Nf4 50. Rg3# 1-0

[Event "Late-Titled-Tuesday-Blitz-February-20-2024"]
[Site "Chess.com"]
[Date "2024.02.20"]
[Round "3"]
[White "czasnaszachy"]
[Black "Mesa_1"]
[Result "1-0"]
[WhiteElo "2409"]
[BlackElo "2550"]
[TimeControl "180+1"]
[EndTime "14:27:30 PST"]
[Termination "czasnaszachy won on time"]

1. e4 c5 2. Nf3 e6 3. d4 cxd4 4. Nxd4 a6 5. Bd3 Bc5 6. Nb3 Ba7 7. Qe2 Ne7 8. Be3 O-O 9. Bxa7 Rxa7 10. N1d2 d5 11.
O-O Nbc6 12. Rad1 b5 13. e5 Ng6 14. f4 a5 15. Bxb5 a4 16. Nc1 Nd4 17. Qd3 Qb6 18. Qe3 Ne7 19. Bd3 Qxb2 20. Kh1 Rc7 21. Ne2 Nef5 22.
Qh3 Nxc2 23. g4 Nh6 24. Rb1 Qxa2 25. Rfc1 Bd7 26. Ng3 Rfc8 27. g5 Nf5 28. Nxf5 exf5 29.
Bxf5 Bxf5 30. Qxf5 g6 31. Qd3 Nb4 32. Rxc7 Nxd3 33. Rxc8+ Kg7 34. e6 Qxd2 35. e7 Nf2+ 36. Kg1 Nh3+ 37. Kh1 Nf2+ 38. Kg1 Nh3+ 39. Kh1 Qe2 40.
e8=N+ Kf8 41. Nf6+ Ke7 42. Re8+ Kd6 43. Rxe2 1-0

[Event "Late-Titled-Tuesday-Blitz-February-20-2024"]
[Site "Chess.com"]
[Date "2024.02.20"]
[Round "3"]
[White "Balla_Tamas"]
[Black "laziestwin"]
[Result "0-1"]
[WhiteElo "2369"]
[BlackElo "2562"]
[TimeControl "180+1"]
[EndTime "14:27:31 PST"]
[Termination "laziestwin won by resignation"]

1. e4 d6 2. d4 Nf6 3. Nc3 g6 4. f4 Bg7 5. Nf3 O-O 6. Bd3 Nbd7 7. e5 dxe5 8. fxe5 Ne8 9. O-O Nb6 10. Ne4 Bg4 11.
c3 f6 12. exf6 exf6 13. h3 Be6 14. Bf4 Nd6 15. Nxd6 cxd6 16. Re1 Bf7 17. Kh1 Qd7 18. Qd2 Rfe8 19. Bh6 Bd5 20. Bxg7 Kxg7 21. Qf4 Na4 22. Be4 Bxe4 23. Rxe4 Nxb2 24. d5 Nd3 25. Rxe8 Rxe8 26.
Qd2 Nc5 27. Nd4 Re5 28. c4 Qe7 29. Rf1 Re4 30. Qc3 Qe5 31. Rd1 b6 32. Qd2 a5 33. Nf3 Qf4 34. Qb2 Re3 35. Nd4 Nd3 36. Qxb6 Nf2+ 37. Kg1 Nxh3+ 38. Kh1 Nf2+ 39. Kg1 Nxd1 40.
Ne6+ Rxe6 41. dxe6 Qe3+ 42. Qxe3 Nxe3 43. Kf2 Nxc4 44.
Ke2 Kf8 45. Kd3 Nb6 46. Kd4 Ke7 47. a4 Kxe6 48. g4 Nxa4 49. Kc4 Nc5 50. Kb5 a4 0-1

[Event "Late-Titled-Tuesday-Blitz-February-20-2024"]
[Site "Chess.com"]
[Date "2024.02.20"]
[Round "3"]
[White "Msb2"]
[Black "slavenok"]
[Result "1/2-1/2"]
[WhiteElo "3012"]
[BlackElo "2747"]
[TimeControl "180+1"]
[EndTime "14:27:32 PST"]
[Termination "Game drawn by repetition"]

1. d4 d5 2. c4 e6 3. Nc3 Nf6 4. cxd5 Nxd5 5. e4 Nxc3 6. bxc3 c5 7. Rb1 cxd4 8. cxd4 Be7 9. Bc4 O-O 10. Ne2 b6 11. O-O Ba6 12. Bxa6 Nxa6 13. Ng3 Rc8 14. Bb2 Nc7 15. Rc1 Bf6 16. Nh5 Bg5 17. f4 Be7 18. d5 f6 19. Qg4 g6 20. dxe6 Qd2 21. Rf2 Qe3 22. Ng3 Bc5 23. Rxc5 Qxc5 24. f5 Rcd8 25. Nf1 Rde8 26. h4 Re7 27. Qg3 Rg7 28.
Ba3 Qc6 29. Bxf8 Kxf8 30. Qa3+ Kg8 31. Qd3 gxf5 32. exf5 Ne8 33. Ne3 Qc1+ 34. Rf1 Qc7 35. Qd4 h5 36. Nd5 Qc2 37. Rf2 Qc1+ 38. Kh2 Rg4 39.
Nxf6+ Nxf6 40. Qxf6 Qc7+ 41. Kg1 Qc1+ 42. Rf1 Qe3+ 43.
Kh1 Qe2 44. Qf7+ Kh8 45. Qxh5+ Kg8 46. Rg1 Qe4 47. Qf7+ Kh8 48. Qh5+ Kg8 49. Qf7+ Kh8 50. Qh5+ Kg8 1/2-1/2

[Event "Late-Titled-Tuesday-Blitz-February-20-2024"]
[Site "Chess.com"]
[Date "2024.02.20"]
[Round "3"]
[White "ThePeacefulPanda"]
[Black "yaguigor"]
[Result "0-1"]
[WhiteElo "2430"]
[BlackElo "2640"]
[TimeControl "180+1"]
[EndTime "14:27:34 PST"]
[Termination "yaguigor won by resignation"]

1. Nf3 d5 2. g3 c6 3. Bg2 Bg4 4. O-O Nd7 5. d4 Ngf6 6. Nbd2 e6 7. Re1 Be7 8. e4 O-O 9. e5 Ne8 10. Nf1 Nc7 11. h3 Bf5 12. g4 Bg6 13. Ng3 c5 14. c3 b5 15. Be3 b4 16. Qd2 a5 17. g5 bxc3 18. bxc3 Nb6 19. h4 Nc4 20. Qe2 Nb5 21. Rac1 cxd4 22. Nxd4 Nxd4 23. cxd4 Ba3 24. Rcd1 Bb4 25. Rf1 Nxe3 26. fxe3 Rc8 27. h5 Bc2 28.
Rc1 Qxg5 29. Rxc2 Rxc2 30. Qxc2 Qxg3 31. Qf2 Qg5 32. Qf3 f6 33. exf6 Rxf6 34. Qe2 Rxf1+ 35.
Kxf1 g6 36. hxg6 Qxg6 37. Bh3 Kg7 38. Qa6 Qb1+ 39. Kf2 Qxa2+ 40. Kf3 Be1 41. Bxe6 Qf2+ 42. Kg4 Qg3+ 43. Kf5 Qg6+ 44. Ke5 Qg5+ 45. Bf5 Bg3+ 46. Ke6 Qf6+ 0-1

[Event "Late-Titled-Tuesday-Blitz-February-20-2024"]
[Site "Chess.com"]
[Date "2024.02.20"]
[Round "3"]
[White "tptagain"]
[Black "bocah_sakit"]
[Result "1/2-1/2"]
[WhiteElo "2935"]
[BlackElo "2492"]
[TimeControl "180+1"]
[EndTime "14:27:35 PST"]
[Termination "Game drawn by repetition"]

1. Nf3 Nf6 2. d4 g6 3. Bg5 Bg7 4. Nbd2 d5 5. e3 O-O 6. Be2 h6 7. Bh4 c5 8. c3 Nc6 9. dxc5 e5 10. O-O a5 11. Bb5 Qe7 12. a4 Qxc5 13. Bxc6 bxc6 14. Nxe5 Ba6 15. Re1 Rfe8 16. Bxf6 Bxf6 17. Nd7 Qd6 18. Nxf6+ Qxf6 19. Qc2 Rab8 20. b3 c5 21. c4 d4 22.
exd4 Qxd4 23. Nf3 Qf6 24. Rxe8+ Rxe8 25. Re1 Rd8 26. Qe4 Bc8 27. Qe5 Qb6 28. Qc3 Bb7 29.
Ne5 Re8 30. h3 Qc7 31. Nd3 Rd8 32. Qe5 Qc6 33. Nf4 Qb6 34. h4 Qxb3 35. Qf6 Rd1 36.
Rxd1 Qxd1+ 37. Kh2 Qd7 38. f3 Qxa4 39. h5 g5 40. Nd5 Bxd5 41. Qxh6 Qxc4 42. Qxg5+ Kf8 43. h6 f6 44. Qg7+ Ke8 45. h7 Qh4+ 46. Kg1 Qe1+ 47. Kh2 Qh4+ 48. Kg1 Qe1+ 49. Kh2 Qh4+ 1/2-1/2

[Event "Late-Titled-Tuesday-Blitz-February-20-2024"]
[Site "Chess.com"]
[Date "2024.02.20"]
[Round "3"]
[White "subham777"]
[Black "viniciusrego"]
[Result "1-0"]
[WhiteElo "2607"]
[BlackElo "2409"]
[TimeControl "180+1"]
[EndTime "14:27:36 PST"]
[Termination "subham777 won by resignation"]

1. e4 c5 2. Nf3 d6 3. d4 cxd4 4.
Qxd4 Nc6 5. Bb5 Bd7 6. Bxc6 Bxc6 7. c4 Nf6 8. Nc3 g6 9. Bg5 Bg7 10. O-O h6 11. Bh4 O-O 12. Qd3 Nd7 13. Nd4 Rc8 14.
Rad1 Ne5 15. Qe2 Bd7 16. b3 g5 17. Bg3 Bg4 18. f3 Bd7 19. h3 Ng6 20. Kh1 Qa5 21. Nd5 Be6 22. Nf5 Rfe8 23. Nxg7 Kxg7 24. Qb2+ Kg8 25. Be1 Qc5 26. Bb4 Qc6 27. Bc3 b5 28.
cxb5 Qxb5 29. Ne3 Nf4 30. Bd4 Ne2 31. Kh2 Rc7 32. Bh8 f6 33. Bxf6 exf6 34. Qxf6 Qe5+ 35. Qxe5 dxe5 36. Rd6 Nf4 37. Rfd1 Kf7 38. R1d2 Ke7 39.
Ra6 Rd8 40. Rxd8 Kxd8 41. g3 Bc8 42. Rd6+ Ke7 43. Rxh6 Rc3 44. gxf4 Rxe3 45. fxg5 Rxf3 46. Rh7+ Kf8 47. Rh8+ Ke7 48. Rxc8 Rf2+ 49. Kg3 Rxa2 50. h4 Kd7 51. Rb8 Rb2 52. Rb5 Ke6 53. Kg4 a6 54. Rb6+ Ke7 55. h5 Rxb3 56. Rxb3 1-0

[Event "Late-Titled-Tuesday-Blitz-February-20-2024"]
[Site "Chess.com"]
[Date "2024.02.20"]
[Round "3"]
[White "dolynachess"]
[Black "janhelmer03"]
[Result "0-1"]
[WhiteElo "2441"]
[BlackElo "2253"]
[TimeControl "180+1"]
[EndTime "14:27:36 PST"]
[Termination "janhelmer03 won by checkmate"]

1. d4 d5 2. c4 c6 3. Nf3 Nf6 4.
g3 dxc4 5. Bg2 b5 6. O-O Bb7 7. Nc3 e6 8. e4 Nbd7 9. e5 Nd5 10. Ng5 h6 11. Qh5 g6 12. Qh3 Bg7 13. Nxe6 fxe6 14. Qxe6+ Qe7 15. Qxg6+ Qf7 16. Qg4 h5 17. Qe2 Qg6 18.
Bxd5 cxd5 19. Nxb5 O-O 20. f4 Rae8 21. Bd2 Bc6 22.
Nxa7 Rf5 23. a4 Nf8 24. Kg2 Bd7 25. Nb5 Ne6 26. Be3 Bf8 27. Nc3 Nc7 28. h3 Rf7 29. g4 hxg4 30. hxg4 Bxg4 31. Qe1 Rh7 32. Rg1 Be7 33.
Qg3 Bh4 34. Qxg4 Qxg4+ 35. Kf1 Bg3 36. Bf2 Qh3+ 37. Ke1 Rg7 38. Ne2 Bxf2+ 39. Kxf2 Qh2+ 40. Ke3 Rb8 41. f5 Rb3+ 42. Kd2 Rxb2+ 43. Kc3 Rb3+ 44.
Kd2 Rd3+ 45. Ke1 Rxg1+ 46. Nxg1 Qxg1+ 47. Ke2 Qg2+ 48. Ke1 Qd2+ 49. Kf1 Rf3+ 50. Kg1 Qf2+ 51. Kh1 Rh3# 0-1

[Event "Late-Titled-Tuesday-Blitz-February-20-2024"]
[Site "Chess.com"]
[Date "2024.02.20"]
[Round "3"]
[White "STAYFlow"]
[Black "adiosabu"]
[Result "0-1"]
[WhiteElo "2362"]
[BlackElo "2564"]
[TimeControl "180+1"]
[EndTime "14:27:37 PST"]
[Termination "adiosabu won on time"]

1. e4 c5 2. Nf3 Nc6 3. d4 cxd4 4. Nxd4 e5 5. Nb5 a6 6. Nd6+ Bxd6 7. Qxd6 Qe7 8. Qxe7+ Ngxe7 9. Nc3 d5 10. exd5 Nb4 11.
Bd3 Bf5 12. Bxf5 Nxf5 13. O-O Nxc2 14. Rb1 O-O 15. Rd1 Rac8 16. Bd2 Rfd8 17. Rbc1 Nb4 18. Be3 Nxe3 19. fxe3 a5 20. Kf2 Kf8 21. a3 Na6 22. e4 Nc5 23. Ke3 Nb3 24. Rc2 Rc4 25. Rf2 f6 26. g4 h6 27. h4 Rdc8 28. g5 hxg5 29. hxg5 Ke7 30. gxf6+ gxf6 31. Rh1 Rxc3+ 32. bxc3 Rxc3+ 33. Ke2 Nd4+ 34. Kf1 Nf3 35. Rh7+ Kd6 36. Rh3 Nd2+ 37.
Kg2 Rxh3 38. Kxh3 Nxe4 39. Rb2 Nc5 40. Kg4 Kxd5 41. Kf5 e4 42. Kxf6 Kd4 43. Kf5 e3 44. Rb6 e2 45. Rb1 Nd3 46. Ke6 e1=Q+ 47. Rxe1 Nxe1 48.
Kd6 b5 49. Kc6 b4 50. axb4 axb4 0-1

[Event "Late-Titled-Tuesday-Blitz-February-20-2024"]
[Site "Chess.com"]
[Date "2024.02.20"]
[Round "3"]
[White "babero_gordo"]
[Black "GiorgianBarbosa"]
[Result "0-1"]
[WhiteElo "2159"]
[BlackElo "2509"]
[TimeControl "180+1"]
[EndTime "14:27:37 PST"]
[Termination "GiorgianBarbosa won by checkmate"]

1. e4 c5 2. d4 cxd4 3. c3 g6 4. Nf3 Bg7 5. Bc4 d3 6. Qxd3 Nc6 7. e5 Nh6 8. O-O Nf5 9. g4 Nh6 10. Bxh6 Bxh6 11. Qd5 O-O 12. Rd1 Qb6 13. Bb3 d6 14.
exd6 Be6 15. Qd3 Bxg4 16. dxe7 Nxe7 17. Nbd2 Rad8 18. Qc4 Bh5 19. Re1 Bxd2 20. Rxe7 Bxf3 21. Rxf7 Bd5 22. Rxf8+ Kxf8 23. Qh4 Bxb3 24. axb3 Kg8 25. Qc4+ Kg7 26. Rd1 Bg5 27. Re1 Rf8 28. Qe2 Rf7 29. h4 Bxh4 30. Rf1 Qf6 31. Kg2 Qg5+ 32. Kh1 Qf4 33. Qc4 Qxc4 34. bxc4 Rxf2 35. Rxf2 Bxf2 36. Kh2 Bb6 37. Kg2 Kf6 38. Kf3 h5 39. Ke4 g5 40. Kf3 g4+ 41. Kg2 Bc7 42. c5 h4 43.
b4 h3+ 44. Kg1 g3 45. b5 Be5 46. b6 axb6 47. cxb6 Bxc3 48. Kh1 g2+ 49. Kg1 Bd4+ 50. Kh2 g1=Q+ 51. Kxh3 Kf5 52. Kh4 Qh2# 0-1

[Event "Late-Titled-Tuesday-Blitz-February-20-2024"]
[Site "Chess.com"]
[Date "2024.02.20"]
[Round "3"]
[White "Cambek64"]
[Black "rikchessmx"]
[Result "0-1"]
[WhiteElo "2438"]
[BlackElo "2235"]
[TimeControl "180+1"]
[EndTime "14:27:37 PST"]
[Termination "rikchessmx won on time"]

1. e4 c5 2. Nf3 e6 3. c4 Nc6 4. d4 cxd4 5. Nxd4 a6 6. Nc3 Qc7 7.
Be3 Nf6 8. Rc1 Bb4 9. f3 Ne5 10. a3 Bc5 11. b4 Ba7 12. Be2 O-O 13. c5 Ng6 14. O-O Nf4 15. g3 Nxe2+ 16. Qxe2 d5 17.
cxd6 Qxd6 18. Rfd1 Qe7 19. e5 Nd7 20. f4 f6 21. exf6 Nxf6 22. Bf2 Re8 23. Nf3 Bxf2+ 24.
Qxf2 Ng4 25. Qe2 Bd7 26. Ng5 Nf6 27. Re1 h6 28. Nf3 Bc6 29. Ne5 Bd5 30. Nxd5 exd5 31. Rc2 a5 32. bxa5 Qxa3 33. Rb1 Ra7 34. Rcb2 Qc5+ 35.
Kg2 d4 36. Rxb7 Rxa5 37. Qf3 Ra3 38. Kh3 Rxf3 39. Nxf3 Qf5+ 40. Kg2 Re2+ 41. Kf1 Qc2 42. Nxd4 Rf2+ 43. Kg1 Rg2+ 44. Kh1 Qe4 45. Re1 Re2+ 0-1

[Event "Late-Titled-Tuesday-Blitz-February-20-2024"]
[Site "Chess.com"]
[Date "2024.02.20"]
[Round "3"]
[White "ashookk"]
[Black "Navyblue1"]
[Result "1-0"]
[WhiteElo "2416"]
[BlackElo "2186"]
[TimeControl "180+1"]
[EndTime "14:27:37 PST"]
[Termination "ashookk won by resignation"]

1. Nf3 c5 2. c4 Nc6 3. d4 cxd4 4. Nxd4 Nf6 5. Nc3 g6 6. e4 Bg7 7.
Be3 O-O 8. Be2 b6 9. O-O Bb7 10. f3 Rc8 11. Qd2 Ne8 12. Rfd1 Nc7 13. Ndb5 Nxb5 14. cxb5 Na5 15. Qxd7 Qxd7 16. Rxd7 Bxc3 17. bxc3 Rxc3 18. Bd2 Bc8 19. Rxa7 Rc2 20. Bxa5 bxa5 21. Bf1 Rd8 22. Ra8 Kf8 23. b6 Rcd2 24. Rxa5 Bb7 25. Ra7 Bc6 26. a4 Rb2 27. a5 Rd6 28. Rc7 f6 29. a6 Rxb6 30. a7 Rd8 31. Rxc6 Rxc6 32. a8=Q Rxa8 33. Rxa8+ Kg7 34. Ra1 Rc2 35. Rd1 f5 36.
exf5 gxf5 37. Bd3 Rc5 38. Re1 Kf6 39. f4 Rd5 40. Bf1 Rd6 41. g3 Rd2 42. Bg2 h5 43. h3 Rd3 44. Kh2 Rd4 45. Rf1 e6 46. Rf3 Rd2 47. Ra3 Re2 48. h4 Rd2 49. Ra8 Rc2 50. Rg8 Rc7 51. Rg5 Rh7 52. Bf3 Ra7 53.
Rxh5 Ra2+ 54. Bg2 Kg6 55. Rh8 Kf6 56. Rb8 Rd2 57. Rg8 Rd4 58. h5 1-0